 Dungeon Crawl Stone Soup version 0.20.0-14-g326068f (webtiles) character file.

223 maniacrov the Conjurer (level 5, -5/28 HPs)
             Began as a Deep Elf Conjurer on June 8, 2017.
             Slain by Sigmund
             ... wielding a +0 scythe
              (6 damage)
             ... on level 5 of the Dungeon.
             The game lasted 00:13:28 (2767 turns).

maniacrov the Conjurer (Deep Elf Conjurer)          Turns: 2767, Time: 00:13:29

Health: -5/28      AC:  8    Str:  5    XL:     5   Next: 66%
Magic:  13/14      EV: 13    Int: 21    God:
Gold:   143        SH:  0    Dex: 15    Spells: 4/14 levels left

rFire    . . .     SeeInvis .   (no weapon)
rCold    . . .     Gourm    .   (no shield)
rNeg     . . .     Faith    .   a - +1 robe
rPois    .         Spirit   .   u - +0 helmet
rElec    .         Reflect  .   (no cloak)
rCorr    .         Harm     .   g - +0 pair of gloves
MR       .....                  (no boots)
Stlth    ++........             (no amulet)
Regen    0.1/turn               l - +3 ring of protection
MPRegen  0.2/turn               (no ring)

@: no status effects
A: no striking features
a: no special abilities


You were on level 5 of the Dungeon.
You were not hungry.

You visited 1 branch of the dungeon, and saw 5 of its levels.

You collected 143 gold pieces.

Inventory:

Armour
 a - a +1 robe (worn)
 g - a +0 pair of gloves (worn)
 u - a +0 helmet (worn)
Jewellery
 c - an uncursed ring of see invisible {unknown}
 f - an uncursed amulet of guardian spirit
 l - a +3 ring of protection (left hand)
 q - an uncursed ring of protection from fire {unknown}
Wands
 m - a wand of confusion (26/48)
Scrolls
 d - a scroll of enchant weapon
 k - a scroll of amnesia
 n - a scroll of remove curse
 o - a scroll of blinking {unknown}
 v - a scroll of recharging {unknown}
Potions
 e - a potion of curing {unknown}
 h - a potion of haste
 j - a potion of heal wounds {unknown}
 r - a potion of cancellation
 s - a potion of magic {unknown}
 t - a potion of ambrosia {unknown}
Books
 b - a book of Conjurations

   Spells                             Type                      Level
   a - Magic Dart                     Conjuration                  1
   b - Searing Ray                    Conjuration                  2
   c - Dazzling Spray                 Conjuration/Hexes            3
   d - Fulminant Prism                Conjuration/Hexes            4
   e - Force Lance                    Conjuration/Translocation    4
   f - Iskenderun's Mystic Blast      Conjuration                  4
Comestibles
 p - a bread ration


   Skills:
 + Level 0.2 Fighting
 + Level 3.0 Dodging
 + Level 3.3 Stealth
 + Level 0.1 Unarmed Combat
 + Level 5.2 Spellcasting
 + Level 6.1 Conjurations


You had 4 spell levels left.
You knew the following spells:

 Your Spells              Type           Power        Failure   Level  Hunger
a - Magic Dart            Conj           ####         1%          1    None
b - Searing Ray           Conj           ####..       1%          2    None
c - Dazzling Spray        Conj/Hex       ###...       9%          3    ##.....
d - Fulminant Prism       Conj/Hex       ###.......   30%         4    ####...


Dungeon Overview and Level Annotations

Branches:
Dungeon (4/15)
 Temple: D:4-7

Altars:

Annotations:
D:3 1 runed door
D:5 Sigmund


Message History

* * * LOW HITPOINT WARNING * * *
As you read the scroll of immolation, it crumbles to dust.
The creatures around you are filled with an inner flame!
Casting: Searing Ray
Confirm with . or Enter, or press ? or * to list all spells.
You can't see any susceptible monsters within range! (Use Z to cast anyway.)
Casting: Searing Ray
Confirm with . or Enter, or press ? or * to list all spells.
You can't see any susceptible monsters within range! (Use Z to cast anyway.)
Casting: Searing Ray
Confirm with . or Enter, or press ? or * to list all spells.
You don't know that spell.
Casting: Searing Ray
Confirm with . or Enter, or press ? or * to list all spells.
Aiming: Magic Dart
Press: ? - help, Shift-Dir - straight line The magic dart hits something.
Something hits you.
* * * LOW HITPOINT WARNING * * *
It was a potion of cancellation.
You feel magically purged. Something hits you.
You die...

#.... #..?.
###....
......
#.... ...
####{####
#.....@.#
###.......#
..........#
###.......#
#.......#
#########


There were no monsters in sight!

Vanquished Creatures
  A scorpion (D:4)
  A bullfrog skeleton (D:4)
  A worker ant (D:4)
  5 adders
  An ooze (D:2)
  A worm (D:2)
  A dart slug (D:1)
  2 leopard geckos
  An orc (D:3)
  3 ball pythons
  4 giant cockroaches
  7 goblins
  5 hobgoblins
  7 jackals
  2 quokkas (D:2)
  6 bats
  A frilled lizard (D:2)
  3 kobolds
  5 rats
57 creatures vanquished.

Notes
Turn   | Place    | Note
-------+----------+-------------------------------------------
     0 | D:1      | maniacrov the Deep Elf Conjurer began the quest for the Orb.
     0 | D:1      | Reached XP level 1. HP: 10/10 MP: 6/6
   293 | D:1      | Reached XP level 2. HP: 14/15 MP: 0/8
   672 | D:1      | Learned a level 1 spell: Magic Dart
   675 | D:1      | Learned a level 2 spell: Searing Ray
   780 | D:1      | Reached skill level 5 in Conjurations
   973 | D:2      | Reached XP level 3. HP: 19/19 MP: 4/9
  1729 | D:3      | Learned a level 3 spell: Dazzling Spray
  1784 | D:3      | Reached XP level 4. HP: 24/24 MP: 8/11
  2254 | D:3      | Found a runed door.
  2262 | D:3      | Learned a level 4 spell: Fulminant Prism
  2481 | D:4      | Reached XP level 5. HP: 16/28 MP: 1/13
  2608 | D:4      | Reached skill level 5 in Spellcasting
  2608 | D:4      | Reached skill level 6 in Conjurations
  2750 | D:4      | You fall through a shaft!
  2750 | D:5      | Entered Level 5 of the Dungeon
  2753 | D:5      | Noticed Sigmund
  2766 | D:5      | HP: 1/28 [something (5)]
  2767 | D:5      | Slain by Sigmund

Skill      XL: |  1  2  3  4  5 |
---------------+----------------+-----
Conjurations   | 5 6 |  6.1
Stealth        | 3 |  3.3
Spellcasting   | 4 5 |  5.2
Dodging        | 3 |  3.0
Fighting       | |  0.2
Unarmed Combat | |  0.1

Action                   |  1- 3 |  4- 6 || total
-------------------------+-------+-------++-------
Melee: Unarmed           |     7 |     2 ||     9
 Cast: Magic Dart        |    68 |    49 ||   117
       Searing Ray       |     1 |     2 ||     3
  Use: Scroll            |     8 |     2 ||    10
       Potion            |       |     1 ||     1
 Stab: Distracted        |     1 |       ||     1
  Eat: Bread ration      |     1 |     1 ||     2
Armor: Robe              |     6 |     6 ||    12
Dodge: Dodged            |    17 |    15 ||    32
